[Event "Super United Croatia GCT Blitz 2022"]
[Site "Zagreb"]
[Date "2022.07.23"]
[Round "5"]
[White "Carlsen, Magnus"]
[Black "Vachier-Lagrave, Maxime"]
[Result "1-0"]
[ECO "B30"]
[WhiteElo "2864"]
[BlackElo "2760"]
[Annotator "TA"]
[PlyCount "127"]
[EventDate "2022.07.20"]
[EventType "tourn"]
[EventCountry "CRO"]
[SourceTitle "playchess.com"]
[Source "ChessBase"]
[SourceQuality "1"]
[TimeControl "300+2"]

1. e4 c5 2. Nc3 Nc6 3. Bb5 Nd4 4. Nf3 e6 5. O-O a6 6. Bd3 Ne7 7. Nxd4 cxd4 8. Ne2 Nc6 9. c3 Bc5 10. b4 Ba7 11. a4 O-O 12. b5 {[%emt 0:00:28] B30: Sicilian: 2...Nc6 3 Bb5, lines without ...g6.} Ne5 13. Bb1 dxc3 14. d4 {[%emt 0:00:05] [#] White has an edge.} Nc4 $146 ({Predecessor:} 14... Ng6 15. Nxc3 d6 16. Ba3 Re8 17. Qd2 e5 18. dxe5 Nxe5 19. Ba2 Be6 20. Bxe6 Rxe6 {0-1 (33) Mikaelyan,A (2483)-Hnydiuk,A (2411) Chess.com INT 2020}) 15. Nxc3 {[%emt 0:00:45] Strongly threatening Qd3.} d5 16. Qd3 {[%emt 0:00:10] aiming for exd5.} g6 17. Ba2 Re8 18. Rd1 (18. Bxc4 dxc4 19. Qxc4 Bxd4 $11) (18. Bf4 $16) 18... axb5 $11 19. Nxb5 Bb8 20. Bxc4 dxc4 21. Qxc4 Qh4 $1 22. Nc7 {[%emt 0:00:29] Black must now prevent g3.} Bxc7 (22... Qh5 23. Bf4 Bxc7 24. Qxc7 $16) 23. Qxc7 {[%emt 0:00:02] White wants to play Bb2.} Qxe4 24. Bg5 b5 (24... Qd5 $11 25. Bf6 Bd7) 25. a5 $14 ({Much worse is} 25. axb5 Rxa1 26. Rxa1 Bb7 $11) 25... Bb7 26. f3 Qd5 27. Bf6 Rec8 28. Qf4 {[%emt 0:00:06] White wants to mate with Qh6.} (28. Qe7 $5 Ba6 29. Rdc1 $14) 28... Qf5 $1 29. Qxf5 (29. Qe5 {is more complex.} Rc2 30. Rf1 Ba6 31. Be7) 29... gxf5 30. Rdb1 Ba6 31. d5 exd5 32. Rd1 Bb7 33. Re1 Rc6 34. Bb2 Re6 35. Rec1 b4 (35... Ba6 $11) 36. Ra4 $16 Ba6 37. Rxb4 Bc4 38. Ra1 h6 39. Bd4 Kh7 40. Rb6 (40. Rb7 $16) 40... Kg6 $14 41. f4 Ra6 42. Kf2 Kh7 43. Rxa6 Bxa6 $16 {[%emt 0:00:04][%mdl 4096] Endgame KRB-KRB} 44. Re1 Rc6 45. Re5 {[%emt 0:00:03][%csl LRd5,LRf5] White is more active.} Bd3 (45... Rc2+ $14 46. Kg3 Bd3) 46. Rxd5 Rc2+ 47. Ke3 Be4 48. Rd7 Kg6 49. Rd6+ Kh5 50. g4+ ({White should try} 50. Bg7 $1 $16 Rc6 51. Rxc6 Bxc6 52. g3) 50... Kxg4 $14 51. Rxh6 {[%emt 0:00:01] Bf6 would kill now.} Ra2 $1 52. a6 (52. Bb6 $14) 52... Ra3+ $11 53. Kf2 Kxf4 54. a7 Ra2+ 55. Ke1 Kg4 56. Rh8 f4 57. h4 f3 58. h5 {[%emt 0:00:02] And now h6 would win.} Re2+ 59. Kd1 $1 Ra2 60. h6 $1 {[%emt 0:00:03] Hoping for Re8.} Ra4 $2 {[%emt 0:00:10][%mdl 8192] [#] A mistake that costs the game.} (60... f2 $2 {[#]} 61. Bxf2 $1 Kf5 62. Rg8 $1 Ra1+ 63. Ke2 $18) ({Better is} 60... Kh5 $1 $14) 61. h7 $1 Rxd4+ (61... Bxh7 $18 62. a8=Q (62. Rxh7 Rxd4+ 63. Kc2 Ra4 $11) 62... Rxa8 63. Rxa8 f2 64. Bxf2 Bg6) (61... Kf4 62. Bf2) 62. Ke1 Kf4 63. Re8 $2 (63. a8=Q {mates} f2+ 64. Kxf2 Bxa8 65. Rxa8 Rd2+ 66. Ke1 Rb2 67. h8=Q Rb3 68. Ra4+ Kf5 69. Qh5+ Kf6 70. Ra6+ Ke7 71. Qe5+ Kd8 72. Qd6+ Kc8 73. Rc6+ Kb7 74. Qc7+ Ka8 75. Ra6#) 63... Ra4 $2 (63... Bc2 $18 64. h8=Q Rd1+ 65. Kf2 Rd2+ 66. Kg1 Rd1+ 67. Kf2 Rd2+ 68. Re2 Rxe2+ 69. Kf1 Be4 70. Qf6+ Kg3 71. Qg7+ (71. Qxf7 Rf2+ 72. Kg1 Rg2+ 73. Kf1 Rf2+ 74. Kg1 Rg2+ 75. Kf1 Rf2+ $11) 71... Kh3 72. Qxf7 Kg4 73. Qe6+ Kg5 74. Qe5+ Kg4) 64. h8=Q {[%emt 0:00:03] Weighted Error Value: White=0.22 (precise) /Black=0.43} 1-0

[Event "Super United Croatia GCT Blitz 2022"]
[Site "Zagreb"]
[Date "2022.07.23"]
[Round "5"]
[White "Firouzja, Alireza"]
[Black "Nepomniachtchi, Ian"]
[Result "1/2-1/2"]
[ECO "D00"]
[WhiteElo "2793"]
[BlackElo "2766"]
[Annotator "TA"]
[PlyCount "89"]
[EventDate "2022.07.20"]
[EventType "tourn"]
[EventCountry "CRO"]
[SourceTitle "playchess.com"]
[Source "ChessBase"]
[SourceQuality "1"]
[TimeControl "300+2"]

1. d4 Nf6 2. Bg5 d5 3. e3 e6 4. Nd2 h6 5. Bh4 c5 6. c3 {[%emt 0:00:07] [#] D00: 1 d4 d5: Unusual lines.} Qc7 $146 ({Predecessor:} 6... Nc6 7. Bd3 e5 8. dxe5 Nxe5 9. Bc2 Be7 10. Ngf3 Nxf3+ 11. Nxf3 Be6 12. Qd3 Ne4 {½-½ (42) Karjakin,S (2752)-Svidler,P (2723) chess24.com INT 2020}) 7. Bd3 b6 8. f4 Nc6 9. Ngf3 cxd4 10. cxd4 Nb4 $1 11. Bb5+ Bd7 12. Bxd7+ Nxd7 13. O-O {[%emt 0:00:04] Black must now prevent Rc1.} Bd6 14. Rc1 {[%emt 0:00:30] Against Qc2} Qb7 15. a3 Nc6 (15... Nd3 $2 16. Rc2 $16) 16. Ne5 Ne7 17. Bxe7 Bxe7 18. Nc6 Bd6 19. e4 O-O 20. Qf3 $36 {[%emt 0:00:06][%mdl 2048] Keeping Black busy.} Bc5 21. exd5 (21. dxc5 $6 Qxc6 22. exd5 exd5 $11) 21... exd5 22. Qxd5 {[%emt 0:00:11][%cal Oc6e7] And now Ne7+! would win.} ({Reject} 22. dxc5 $6 Qxc6 23. Rfd1 bxc5 $11) 22... Nf6 23. Qf3 {[%emt 0:00:01] 0x0.001e3ab7650ddp-1022s more active pieces. The black rooks are badly placed.} Rac8 24. dxc5 Rxc6 25. Nc4 Qc7 {[%emt 0:00:10] [#]} 26. b4 bxc5 27. Ne5 Re6 28. bxc5 Nd7 29. Nxd7 Qxd7 30. c6 Qc7 31. Rc3 Qb6+ 32. Kh1 Rfe8 33. h3 Qc7 (33... Rc8 $16) 34. Rcc1 $2 (34. Rb1 $18) 34... Re3 (34... Rc8 $11) 35. Qd5 $16 Rxa3 $2 (35... Rd8 $16 {is a better chance.} 36. Qc4 Rde8) 36. Rfe1 $2 (36. Qd7 $18 Qc8 37. Rfe1) 36... Rxe1+ (36... Rae3 $11 37. Rxe3 Rxe3) 37. Rxe1 $18 {[%emt 0:00:00] White threatens Re8+ and mate.} Qxf4 $11 {[%emt 0:00:01][%mdl 4096] Endgame [#] KQR-KQR} 38. Qd8+ $2 (38. Qc5 $1 $18 Qg3 39. Re8+ Kh7 40. Qf5+ Qg6 41. Qxg6+ Kxg6 42. c7) 38... Kh7 {[%emt 0:00:01] The position is equal.} 39. c7 Rxh3+ 40. gxh3 {[%emt 0:00:02] Threatening mate with Qd3+.} Qf3+ 41. Kg1 {[%emt 0:00:02] Intending Qd6 and mate.} Qg3+ 42. Kf1 {[%emt 0:00:00][%cal Oe1e3] aiming for Re3!} Qf3+ 43. Kg1 {[%emt 0:00:01] Qh4 is the strong threat.} Qg3+ 44. Kf1 Qf3+ 45. Kg1 {Black defended with fortune.  Weighted Error Value: White=0.46/Black=0.43} 1/2-1/2

[Event "Super United Croatia GCT Blitz 2022"]
[Site "Zagreb"]
[Date "2022.07.23"]
[Round "5"]
[White "Mamedyarov, Shakhriyar"]
[Black "Saric, Ivan"]
[Result "1-0"]
[ECO "D75"]
[WhiteElo "2759"]
[BlackElo "2680"]
[Annotator "TA"]
[PlyCount "145"]
[EventDate "2022.07.20"]
[EventType "tourn"]
[EventCountry "CRO"]
[SourceTitle "playchess.com"]
[Source "ChessBase"]
[SourceQuality "1"]
[TimeControl "300+2"]

1. d4 Nf6 2. c4 g6 3. Nc3 Bg7 4. g3 d5 5. cxd5 Nxd5 6. Bg2 Nxc3 7. bxc3 c5 8. Nf3 cxd4 9. cxd4 Nc6 10. O-O Nxd4 11. Nxd4 Qxd4 12. Rb1 O-O 13. Be3 {[%emt 0:00:09] D75: Fianchetto Grünfeld: Main Line with 7...c5.} Qc4 14. Bd5 Qg4 15. Qb3 {[%emt 0:00:19] White has an edge.} Qxe2 16. Bc5 {[%emt 0:00:13] Black must now prevent Rfe1.} Be6 17. Bxe6 Qxe6 18. Qxe6 fxe6 19. Rxb7 {[%emt 0:00:02] [#]} Bf6 $146 ({Predecessor:} 19... Rf5 20. Rc7 Rd5 21. Bxe7 Rd2 22. a4 Bd4 23. Bg5 Ra2 24. Be3 Bxe3 25. fxe3 Rd8 26. Rxa7 {½-½ (26) Berkes,F (2671)-Grandelius,N (2662) Legnica 2021}) 20. Bxa7 ({But not} 20. Bxe7 $2 Rf7 21. Bxf6 Rxb7 $19) 20... Rfc8 21. a4 Kf7 22. Rd1 Rc4 23. a5 Ra4 24. Bb6 R4xa5 (24... Rc8 $11) 25. Bxa5 $16 Rxa5 $11 {[%emt 0:00:00][%mdl 4096] Endgame KRR-KRB} 26. Rb6 {[%emt 0:00:04] White is more active.} Ra2 27. Kg2 h5 28. Rb4 Rc2 29. Re1 Ra2 30. Ree4 Rc2 31. Rb6 e5 32. Rb1 Rd2 33. Rbe1 Rc2 34. R1e2 Rc3 35. R4e3 Rc5 36. Re4 ({Better is} 36. h3 $16) 36... Rb5 (36... Rc3 $1 $11) 37. h4 Rc5 38. f3 Rb5 39. Kh3 Rb3 40. R4e3 Rb1 41. Re4 ({White should try} 41. Ra3 $16) 41... Rh1+ (41... Rb3 $1 $11 {keeps the balance.}) 42. Rh2 Rf1 43. Re3 Rb1 {[%emt 0:00:06] [#]} (43... Kg7 $142 44. Rhe2 Kf7) 44. g4 $1 $16 Rb4 (44... g5 $16) 45. g5 $18 Bg7 46. Rc2 Rb7 47. Rc6 Rd7 48. Rb3 Bf8 49. Kg3 Rd6 $2 (49... Bg7 50. Rc4 (50. Rbb6 e4 $16) 50... Ra7) 50. Rxd6 exd6 {[%emt 0:00:02] KR-KB} 51. Kf2 Be7 52. Ke3 Ke6 53. Rb6 Bd8 54. Ra6 Be7 55. Ra8 (55. Ra7 $142 Kf7 56. f4 exf4+ 57. Kxf4) 55... Kf7 56. Rb8 Ke6 57. Rh8 {[%emt 0:00:01] Threatens to win with Rh6.} d5 58. Ra8 Bc5+ {[%emt 0:00:01] [#]} 59. Kd3 $2 ({White has to play} 59. Ke2 $1 $18) 59... Bf2 $1 $11 60. Ra6+ Kf7 61. Ra4 Ke6 62. Ra6+ Kf7 63. f4 e4+ $2 {[%emt 0:00:00][%mdl 8192] Black cannot hold the game after this.} (63... exf4 $11 64. Rf6+ Ke7) 64. Ke2 $18 Bxh4 65. Rf6+ (65. Rd6 $142 Bg3 66. Ke3 h4 67. Rxd5 Ke6 68. Re5+ Kf7 69. Rxe4 h3 70. Rd4 (70. Kf3 h2 $18)) 65... Kg7 66. Rd6 {[%emt 0:00:01] White mates.} Bg3 67. Ke3 h4 68. Rd7+ Kf8 69. Rxd5 h3 70. Rd1 h2 71. Rh1 Kf7 72. Kxe4 Ke6 73. Kf3 {[%emt 0:00:01] Weighted Error Value: White=0.32/Black=0.21 (precise)} 1-0

[Event "Super United Croatia GCT Blitz 2022"]
[Site "Zagreb"]
[Date "2022.07.23"]
[Round "5"]
[White "Topalov, Veselin"]
[Black "So, Wesley"]
[Result "1/2-1/2"]
[ECO "A28"]
[WhiteElo "2728"]
[BlackElo "2773"]
[Annotator "TA"]
[PlyCount "31"]
[EventDate "2022.07.20"]
[EventType "tourn"]
[EventCountry "CRO"]
[SourceTitle "playchess.com"]
[Source "ChessBase"]
[SourceQuality "1"]
[TimeControl "300+2"]

1. c4 Nf6 2. Nc3 e5 3. Nf3 Nc6 4. a3 d5 5. cxd5 Nxd5 6. d3 {[%emt 0:00:05] The position is equal.} Be7 {[%emt 0:00:13] A28: English Opening: Four Knights Variation.} 7. e3 Be6 {[%emt 0:00:06] was the old line (7...0-0).} 8. Be2 Qd7 9. Qc2 {[%emt 0:00:08] [#]} f5 $146 ({Predecessor:} 9... O-O 10. O-O f6 11. Bd2 Rad8 12. Rac1 Nxc3 13. Bxc3 Bd5 14. Rfd1 {½-½ (14) Farkas,T (2276)-Keresztes,R (2255) Kecskemet 2011}) 10. Nxd5 Bxd5 11. b4 e4 12. dxe4 Bxe4 13. Qb3 Bd5 14. Qc2 Be4 15. Qb3 Bd5 16. Qc2 {[%emt 0:00:15] Not much happened in this game.  Weighted Error Value: White=0.05 (flawless) /Black=0.07 (flawless)} 1/2-1/2

[Event "Super United Croatia GCT Blitz 2022"]
[Site "Zagreb"]
[Date "2022.07.23"]
[Round "5"]
[White "Van Foreest, Jorden"]
[Black "Dominguez Perez, Leinier"]
[Result "1/2-1/2"]
[ECO "C42"]
[WhiteElo "2678"]
[BlackElo "2754"]
[Annotator "TA"]
[PlyCount "89"]
[EventDate "2022.07.20"]
[EventType "tourn"]
[EventCountry "CRO"]
[SourceTitle "playchess.com"]
[Source "ChessBase"]
[SourceQuality "1"]
[TimeControl "300+2"]

1. e4 e5 2. Nf3 Nf6 3. Nxe5 d6 4. Nf3 Nxe4 5. d4 d5 6. Bd3 Nc6 7. O-O Be7 8. Nbd2 $1 {[%emt 0:00:12][%mdl 4] is now more promising than 8.c4.} Bf5 9. Re1 Nxd2 {[%emt 0:00:02] C42: Petroff Defence: 3 Nxe5 and unusual White 3rd moves.} 10. Qxd2 Bxd3 11. Qxd3 O-O {[%emt 0:00:02] White is slightly better.} 12. Re2 Qd7 13. Bf4 Rfe8 14. Rae1 Bf8 15. c3 Rxe2 16. Rxe2 Ne7 17. h4 {[%emt 0:00:20] [#]} c6 $146 ({Predecessor:} 17... f6 18. Nh2 Ng6 19. Bg3 c6 20. h5 Ne7 21. Bf4 Re8 22. Re3 h6 23. Kf1 Kh8 {1-0 (89) Raja,H (2423)-Kolbus,D (2320) Douglas 2017}) 18. Ne5 Qf5 19. Qxf5 Nxf5 20. h5 f6 21. Nd7 Rd8 22. Nxf8 Kxf8 $11 {[%emt 0:00:01][%mdl 4096] Endgame KRB-KRN} 23. g4 Ne7 24. Kg2 Kf7 25. a4 Re8 26. f3 Nc8 27. Rxe8 Kxe8 {[%emt 0:00:00] KB-KN} 28. Kf2 g6 29. hxg6 hxg6 30. Ke3 Kd7 31. b3 b5 32. a5 a6 33. b4 Ke6 34. Bg3 Ne7 35. Bf4 g5 36. Bg3 f5 37. Ke2 fxg4 (37... f4 $5 38. Be1 Ng6 $11) 38. fxg4 {[%emt 0:00:02] The position is equal.} Ng8 39. Be5 Nh6 40. Kf3 Nf7 41. Bg3 Kf6 42. Bh2 Ke6 43. Bg3 Kf6 44. Bh2 Ke6 45. Bg3 {Weighted Error Value: White=0.05 (flawless) /Black=0.03 (flawless)} 1/2-1/2

[Event "Super United Croatia GCT Blitz 2022"]
[Site "Zagreb"]
[Date "2022.07.23"]
[Round "6"]
[White "Nepomniachtchi, Ian"]
[Black "Carlsen, Magnus"]
[Result "0-1"]
[ECO "A30"]
[WhiteElo "2766"]
[BlackElo "2864"]
[Annotator "TA"]
[PlyCount "112"]
[EventDate "2022.07.20"]
[EventType "tourn"]
[EventCountry "CRO"]
[SourceTitle "playchess.com"]
[Source "ChessBase"]
[SourceQuality "1"]
[TimeControl "300+2"]

1. Nf3 Nf6 2. g3 c5 3. Bg2 Nc6 4. O-O e5 5. c4 d5 6. Qa4 {[%emt 0:00:06] Black must now prevent Nxe5.} Bd6 {[%emt 0:00:18] A30: Symmetrical English: Double Fianchetto and Hedgehog.} 7. d4 exd4 (7... cxd4 {is more complex.} 8. cxd5 Qa5 9. Qxa5 Nxa5 10. Bg5 Bg4) 8. cxd5 Nxd5 {[%emt 0:00:01] [#] The position is equal.} 9. Nxd4 $1 cxd4 10. Bxd5 O-O 11. Bxc6 bxc6 12. Qxd4 {[%emt 0:00:01] [#]} Bh3 $146 {[%emt 0:00:07] A strong pair of Bishops.} ({Predecessor:} 12... Qe7 13. Nc3 Be5 14. Qe4 Re8 15. Be3 Rb8 16. Qc2 h5 17. Rad1 Bh3 18. Rfe1 Bxc3 19. bxc3 {½-½ (32) Caruana,F (2807)-Nepomniachtchi,I (2751) Saint Louis 2017}) 13. Re1 Rb8 14. Nc3 Qe7 15. Bg5 Qe6 16. Bf4 (16. Rad1 $5 Be5 17. Qd2 $14) 16... Bxf4 17. Qxf4 Rxb2 18. Rad1 Qf5 19. Qxf5 Bxf5 20. Rd6 Rc8 21. Rc1 Kf8 22. Rd4 Be6 23. Ra4 Rc7 24. f3 c5 25. Kf2 h5 26. h4 g6 27. Ra5 Bc4 28. Ra4 Be6 29. Ra5 Kg7 30. Nb5 Rd7 31. Rxc5 Bxa2 32. Nc3 ({Don't go for} 32. Nxa7 $2 Rdd2 33. Re5 Bc4 $19) 32... Be6 33. Ra3 Rc2 34. Ne4 Bc4 35. Nc3 {[%emt 0:00:02] [#]} (35. Re3 $11 {keeps the balance.}) 35... Bxe2 $1 $17 {[%emt 0:00:04] Strongly threatening ...Bc4+. Black is more active.} 36. Ra2 Rxa2 37. Nxa2 {[%emt 0:00:01][%mdl 4096] Endgame KRB-KRN} Rd2 38. Nc3 Ba6+ 39. Ke3 Rd3+ 40. Ke4 Rd7 {[%emt 0:00:06] Against Rc7} 41. Ra5 Bb7+ 42. Ke3 a6 43. Na4 $2 {[%emt 0:00:05] Loses the game.} (43. Rc5 $17) 43... Rd5 $19 44. Nc5 Bc6 45. Kf2 $2 (45. f4) 45... Kg8 46. Ke3 f6 47. Kf2 Kf7 48. Ke3 g5 49. hxg5 fxg5 ({Weaker is} 49... Rxg5 50. Kd4 $17) 50. f4 $2 (50. Kf2) 50... h4 51. gxh4 gxh4 52. Kf2 Kg6 53. Kg1 Kf5 54. Kh2 Kg4 {[%emt 0:00:02] ( -> ...Rd2+)} 55. f5 Rd2+ 56. Kg1 h3 {[%emt 0:00:02] Weighted Error Value: White=0.58/Black=0.15 (very precise)} 0-1

[Event "Super United Croatia GCT Blitz 2022"]
[Site "Zagreb"]
[Date "2022.07.23"]
[Round "6"]
[White "Vachier-Lagrave, Maxime"]
[Black "Van Foreest, Jorden"]
[Result "0-1"]
[ECO "A13"]
[WhiteElo "2760"]
[BlackElo "2678"]
[Annotator "TA"]
[PlyCount "91"]
[EventDate "2022.07.20"]
[EventType "tourn"]
[EventCountry "CRO"]
[SourceTitle "playchess.com"]
[Source "ChessBase"]
[SourceQuality "1"]
[TimeControl "300+2"]

1. c4 e6 2. g3 d5 3. Bg2 dxc4 4. Qa4+ Nc6 5. Nf3 Bd6 {[%emt 0:00:20] [#]} 6. Na3 $146 {[%emt 0:00:16] A13: English Opening: 1...e6.} ({Predecessor:} 6. Qxc4 Nge7 7. O-O O-O 8. d3 a6 9. Nbd2 b5 10. Qc2 Nb4 11. Qd1 Bb7 12. a3 {1-0 (35) Romanow,W (2114)-Fleischer,M (1939) Bad Sooden-Allendorf 2012}) 6... Bxa3 7. bxa3 Nge7 8. Qxc4 {[%emt 0:00:03] White is slightly better.} O-O 9. Bb2 Qd6 10. O-O e5 11. d4 Be6 {[%emt 0:00:07] [#]} 12. dxe5 $1 Bxc4 13. exd6 cxd6 14. Rfe1 Rac8 15. Nd2 $36 {[%emt 0:00:10][%mdl 2048] White is more active.} Bd5 16. Ne4 Rfd8 17. Red1 Bxe4 18. Bxe4 d5 19. Bf3 {[%emt 0:00:29] A strong pair of Bishops.} f6 20. Bg4 {[%emt 0:00:05] Strongly threatening Be6+.} Rc7 (20... f5 $11 21. Bf3 Na5) 21. Rac1 (21. Be6+ $16 Kf8 22. Rac1) 21... Kf7 (21... f5 $14 {might be stronger.} 22. Bf3 Rcd7) 22. e4 $16 g6 23. exd5 ({White should play} 23. Rc5 $16 h5 24. Bh3) 23... Rxd5 $14 24. Re1 Rd6 {[%emt 0:00:08] Against Be6+} (24... Nf5 {looks sharper.} 25. Bf3 Rd2 26. Re2 Rd3) 25. Bd1 Nf5 26. Kg2 Re7 27. Bb3+ Kg7 28. Rxe7+ Nfxe7 29. Rd1 Rxd1 30. Bxd1 $11 {[%emt 0:00:01][%mdl 4096] Endgame KBB-KNN} Ne5 31. Be2 g5 32. f4 gxf4 33. gxf4 N5c6 34. Kf3 Kg6 35. Bd3+ f5 36. Bc4 Nc8 37. a4 Nd6 38. Bd5 Nb4 39. Bb3 {[%emt 0:00:01] Threatens to win with Ba3.} Nc6 40. Ke3 Ne4 41. Bd5 Nc5 42. Bb3 Nxb3 43. axb3 Kh5 {[%emt 0:00:04] aiming for ...Kg4.} 44. Bf6 $2 (44. Kf3 $1 $11) 44... Kg4 $19 45. h4 {[%emt 0:00:01] [#]} Nb4 $1 {[%emt 0:00:05] ...Nd5+ is the strong threat.} 46. Kd4 {[%emt 0:00:11] Inhibits Nd5.  Weighted Error Value: White=0.28 (precise) /Black=0.10 (very precise)} 0-1

[Event "Super United Croatia GCT Blitz 2022"]
[Site "Zagreb"]
[Date "2022.07.23"]
[Round "6"]
[White "Mamedyarov, Shakhriyar"]
[Black "Firouzja, Alireza"]
[Result "1/2-1/2"]
[ECO "D24"]
[WhiteElo "2759"]
[BlackElo "2793"]
[Annotator "TA"]
[PlyCount "141"]
[EventDate "2022.07.20"]
[EventType "tourn"]
[EventCountry "CRO"]
[SourceTitle "playchess.com"]
[Source "ChessBase"]
[SourceQuality "1"]
[TimeControl "300+2"]

1. d4 {[%emt 0:00:01] Krasenkow,Michal} Nf6 2. c4 e6 3. Nf3 d5 4. Nc3 dxc4 5. e4 b5 (5... Bb4 $5 ) 6. e5 {[%emt 0:00:06] D24: Queen's Gambit Accepted: 3 Nf3 Nf6 4 Nc3.} Nd5 7. Nxb5 Nb6 8. Be2 {[%emt 0:00:06] White is slightly better.} Nc6 9. O-O Be7 10. Be3 {[%emt 0:00:04] 10.Qd2 is the hot move.} O-O 11. Qc2 Rb8 {[%emt 0:00:18] [#]} (11... Nb4 $5 12. Qe4 Qd5 $11) 12. Nc3 $146 (12. Bxc4 $2 Nb4 13. Qc3 Nxc4 14. Qxc4 Ba6 $19) ({Predecessor:} 12. Qe4 Nb4 13. Qg4 Kh8 14. Qh5 Qe8 15. Na3 Ba6 16. Ng5 h6 17. Ne4 f5 18. exf6 Qxh5 19. Bxh5 gxf6 20. Bxh6 {½-½ (65) Krasenkow,M (2597)-Alekseenko,K (2699) Tornelo INT 2021 CBM 202 Extra [Krasenkow,Michal]}) 12... Nb4 13. Qd2 Ba6 14. Rfc1 N6d5 15. Nxd5 Qxd5 16. b3 (16. a3 $14 {was preferrable.} Nc6 17. Qc2) 16... cxb3 $11 17. Bxa6 (17. Rxc7 Bxe2 18. Qxe2 Nc2 19. Rxc2 (19. Rxe7 $2 Nxa1 20. axb3 a5 $19) 19... bxc2 20. Qxc2 Rfc8 $19) 17... b2 {[%emt 0:00:16] [#]} 18. Qxb2 $1 Nxa6 19. Qe2 Rb6 20. h3 Rfb8 21. Qc4 c6 22. Nd2 Nc7 23. Nb3 Qxc4 24. Rxc4 Nd5 25. Bd2 ({Better is} 25. Ra4 $11) 25... Ra6 $1 $15 {[%emt 0:00:05][%cal Ob8b3] Threatens to win with ...Rxb3!} 26. Na5 c5 27. Rac1 (27. dxc5 $2 Bd8 28. Ra4 Rb5 $19) 27... Rb2 28. Be1 Nf4 29. R4c2 {[%emt 0:00:41] [#]} Ne2+ $1 30. Kf1 Rxc2 ({Much worse is} 30... Nxc1 $6 31. Rxb2 f5 32. exf6 gxf6 33. Rb7 $11) 31. Rxc2 Nxd4 32. Rb2 Rb6 {[%emt 0:00:02] Inhibits Rb8+.} 33. Bc3 Bd8 {[%emt 0:00:33] ...Rxb2 is the strong threat.} 34. Rxb6 Bxb6 35. Bxd4 cxd4 {[%emt 0:00:01][%mdl 4096] Endgame KB-KN} 36. Nc4 Bc5 (36... g5 $15) 37. f4 $11 d3 38. Nb2 d2 {[%emt 0:00:06] White must now prevent ...Be3.} 39. Ke2 {[%emt 0:00:01] Against Be3} Bb4 40. Nc4 Kf8 41. Nxd2 Ke7 42. Ne4 f5 43. exf6+ gxf6 44. g4 f5 45. Ng3 Kf6 46. g5+ Kf7 47. Kf3 Bd6 48. Ne2 e5 49. fxe5 Bxe5 50. Nf4 a5 51. h4 a4 52. h5 Bd6 53. Ne2 {[%emt 0:00:02] Strongly threatening Nd4.} Be5 {[%emt 0:00:02] Prevents Nd4.} 54. Nc1 Ke6 55. Nd3 Bd6 56. Nb2 a3 57. Nc4 Be7 58. Kf4 Bf8 59. Kf3 Kd5 60. Ne3+ Kd4 $2 (60... Ke6 $11) 61. Nxf5+ $18 Kc3 $2 (61... Ke5 62. Kg4 Ke6 63. Nd4+ Kf7) 62. Ne3 $2 ({Weaker is} 62. g6 hxg6 63. hxg6 Kb2 $11) (62. Ke2 $18 {Intending h6 and mate.} Kb4 63. h6 (63. g6 hxg6 64. hxg6 Kc3 $11)) 62... Kb2 $11 {[%emt 0:00:01] The position is equal.} 63. Nc4+ Kxa2 64. Ke4 Kb3 65. Nxa3 $1 Kxa3 {[%emt 0:00:03] KB-KPP} 66. Kf5 Be7 67. g6 hxg6+ 68. hxg6 {[%emt 0:00:01] White threatens g7 and mate.} Bf8 69. Kf6 Bh6 70. g7 Bxg7+ $1 71. Kxg7 {[%emt 0:00:01] Weighted Error Value: White=0.08 (flawless) /Black=0.16 (very precise)} 1/2-1/2